[Event "*** Titled Tuesday Blitz"]
[Site "Chess.com"]
[Date "2020.11.10"]
[Round "5"]
[White "PawnEatingZombie"]
[Black "Flutaga"]
[Result "1-0"]
[WhiteElo "2171"]
[BlackElo "1948"]
[TimeControl "180+1"]
[EndTime "10:58:48 PST"]
[Termination "PawnEatingZombie won on time"]

1. d4 f5 2. Nc3 Nf6 3. Bg5 d5 4. Bxf6 exf6 5. e3 Be6 6. Qf3 Qd7 7. Bb5 c6 8. Bd3 Bb4 9. Ne2 g6 10. h3 Na6 11. a3 Bd6 12. Nf4 Bf7 13. g4 fxg4 14.
hxg4 Nc7 15. O-O-O O-O-O 16. Rh6 Ne6 17. Nfe2 Qe7 18.
Rdh1 Ng5 19. Qg2 Qe6 20. Nd1 Bf8 21. R6h4 h5 22. Nf4 Qd6 23. Bxg6 Bxg6 24. Nxg6 Rg8 25. Nxf8 Rdxf8 26. Rxh5 Ne4 27. Rh7 c5 28. Qh2 Qxh2 29. R1xh2 cxd4 30. exd4 Re8 31. f4 f5 32. g5 Nd6 33. Nc3 Ne4 34. Nxd5 Nd6 35. b3 Re4 36. Ne7+ 1-0

[Event "*** Titled Tuesday Blitz"]
[Site "Chess.com"]
[Date "2020.11.10"]
[Round "5"]
[White "Das_Virus_2020"]
[Black "ShapkinAnatoliy"]
[Result "0-1"]
[WhiteElo "2422"]
[BlackElo "2617"]
[TimeControl "180+1"]
[EndTime "10:58:49 PST"]
[Termination "ShapkinAnatoliy won on time"]

1. e4 e5 2. Bc4 Nf6 3. d3 Nc6 4. Nf3 Bc5 5. c3 d6 6. h3 a6 7. a4 Ba7 8. Nbd2 O-O 9. O-O h6 10. Re1 Nh5 11. Nf1 Qf6 12. Be3 Bxe3 13. fxe3 Qg6 14. Kh2 Kh8 15. Qe2 f5 16. exf5 Bxf5 17.
Nh4 Qg5 18. Nxf5 Rxf5 19. Bd5 Raf8 20. Bf3 Qh4 21. Red1 e4 22. dxe4 Rg5 23. Qe1 Qxe1 24. Rxe1 Ne5 25. Bxh5 Rxh5 26. Ng3 Rg5 27. Rf1 Kg8 28.
Rxf8+ Kxf8 29. b3 Rg6 30. Rf1+ Kg8 31. Ne2 Re6 32. Nd4 Re8 33. Nf5 Nd7 34. Ng3 Nc5 35.
b4 Nxa4 36. Rc1 Nb2 0-1

[Event "*** Titled Tuesday Blitz"]
[Site "Chess.com"]
[Date "2020.11.10"]
[Round "5"]
[White "ShahMatKanal"]
[Black "SHIVACalypso"]
[Result "1-0"]
[WhiteElo "2504"]
[BlackElo "2311"]
[TimeControl "180+1"]
[EndTime "10:58:49 PST"]
[Termination "ShahMatKanal won by resignation"]

1. c4 Nf6 2. Nf3 e6 3. g3 d5 4. Bg2 Be7 5. O-O O-O 6. d4 dxc4 7. Qc2 a6 8. a4 Bd7 9. Ne5 Bc6 10. Nxc6 Nxc6 11. Bxc6 bxc6 12. Qxc4 Qd5 13. Qxd5 cxd5 14. Bf4 c5 15. dxc5 Bxc5 16. Rc1 Ne4 17. e3 Rfc8 18. Nc3 Nxc3 19. Rxc3 Bb4 20. Rd3 f6 21. g4 Rc2 22.
b3 Rac8 23. Rad1 Rb2 24. h4 Rcc2 25. Bg3 Bc5 26. h5 Re2 27. Kf1 Rec2 28. Kg1 Kf7 29. Kg2 Ke7 30. Kf3 Kd7 31. e4 d4 32. Kg2 e5 33.
Kh3 Kc6 34. f3 Bb4 35. g5 Bc3 36. Kg4 Rg2 37. h6 gxh6 38. gxf6 Kd6 39. Rxc3 Ke6 40.
Rc6+ Kf7 41. Kf5 Rxg3 42. Rc7+ Kf8 43. Ke6 Rc2 44. Rxc2 1-0

[Event "*** Titled Tuesday Blitz"]
[Site "Chess.com"]
[Date "2020.11.10"]
[Round "5"]
[White "LittleMyMoomin"]
[Black "zala02"]
[Result "0-1"]
[WhiteElo "1820"]
[BlackElo "2148"]
[TimeControl "180+1"]
[EndTime "10:58:49 PST"]
[Termination "zala02 won on time"]

1. d4 Nf6 2. c4 e6 3. Nf3 d5 4. g3 dxc4 5. Qa4+ Nbd7 6. Nc3 a6 7. Bg2 Be7 8. O-O O-O 9. Qxc4 b5 10. Qd3 Bb7 11.
Bg5 c5 12. Bxf6 Nxf6 13. Rfd1 Qb6 14. dxc5 Bxc5 15. e3 Rfd8 16. Qe2 Rac8 17. Ne5 Bxg2 18. Kxg2 Bb4 19. Rac1 h6 20. Rd3 Rxd3 21. Qxd3 Rd8 22. Qe2 Rd6 23. a3 Bxc3 24. Rxc3 g6 25. Qc2 Nd5 26. Rc8+ Kg7 27. Qe4 Nf6 28. Qf4 Qb7+ 29.
Qf3 Qxc8 30. e4 Rd2 31. Nxf7 Kxf7 32. e5 Qd8 33. Qb7+ Qe7 0-1

[Event "*** Titled Tuesday Blitz"]
[Site "Chess.com"]
[Date "2020.11.10"]
[Round "5"]
[White "novocane"]
[Black "amiralfio"]
[Result "0-1"]
[WhiteElo "2280"]
[BlackElo "2523"]
[TimeControl "180+1"]
[EndTime "10:58:53 PST"]
[Termination "amiralfio won on time"]

1. d4 d5 2. c4 c6 3. cxd5 cxd5 4.
Bf4 Nc6 5. e3 e5 6. Bxe5 Bb4+ 7.
Nc3 Nxe5 8. dxe5 Ne7 9. Bb5+ Bd7 10. Bxd7+ Qxd7 11. Ne2 O-O 12. O-O Rfd8 13. a3 Ba5 14. Rc1 Qe6 15. f4 Nf5 16. Nd4 Qg6 17. Nxf5 Qxf5 18. Nxd5 Qe4 19. Nf6+ gxf6 20. Qg4+ Kh8 21.
exf6 Rg8 22. Qh3 Bd2 23. Rc7 Qxe3+ 24. Qxe3 Bxe3+ 25. Kh1 Rgf8 26. Rxb7 Rac8 27. g3 Rc2 28. Re1 Bb6 29. Ree7 Kg8 30. b4 Rd8 31. Re1 h5 32.
a4 Rdd2 33. Re8+ Kh7 34. Rxf7+ Kg6 35. Rg7+ Kxf6 0-1

[Event "*** Titled Tuesday Blitz"]
[Site "Chess.com"]
[Date "2020.11.10"]
[Round "5"]
[White "stolencandy13"]
[Black "Vandros57"]
[Result "1-0"]
[WhiteElo "2380"]
[BlackElo "2199"]
[TimeControl "180+1"]
[EndTime "10:58:53 PST"]
[Termination "stolencandy13 won on time"]

1. d4 d5 2. Bf4 Nf6 3. e3 e6 4. c4 Bb4+ 5. Nc3 Ne4 6. Rc1 Nxc3 7. bxc3 Bd6 8. Bxd6 Qxd6 9. cxd5 exd5 10. Nf3 O-O 11. Bd3 h6 12. Ne5 Nd7 13. f4 Nf6 14. O-O c6 15. c4 dxc4 16. Bxc4 Be6 17. Qf3 Bxc4 18. Nxc4 Qd5 19. Qxd5 cxd5 20. Ne5 Rfc8 21. Kf2 Kf8 22. Ke2 Ke7 23. Kd3 Ne8 24. g4 Nd6 25. h4 f6 26.
Ng6+ Kf7 27. f5 Rxc1 28. Rxc1 Rc8 29. Rxc8 Nxc8 30. Nf4 Nb6 31. Ne6 g5 32. hxg5 fxg5 33.
Nd8+ Kf6 34. Nxb7 h5 35. gxh5 Kxf5 36. Nd6+ Kf6 37. e4 dxe4+ 38. Nxe4+ Kf5 39. Ng3+ Kf6 40. Ke4 Nc8 41. Kd5 Ne7+ 42. Kc5 Nf5 43. Ne4+ Kg7 44. Nxg5 Kh6 45. Ne6 Kxh5 46. d5 Kg6 47. Nd8 Kf6 48. Nc6 Ng7 49. Nxa7 Ke7 50. Nc6+ Kd7 51. Ne5+ Kc7 52.
d6+ Kd8 53. Kc6 Nf5 54. d7 1-0

[Event "*** Titled Tuesday Blitz"]
[Site "Chess.com"]
[Date "2020.11.10"]
[Round "5"]
[White "Brave_spirit12"]
[Black "HrvojeZagreb"]
[Result "1-0"]
[WhiteElo "2499"]
[BlackElo "2283"]
[TimeControl "180+1"]
[EndTime "10:58:54 PST"]
[Termination "Brave_spirit12 won on time"]

1. e4 e6 2. d4 d5 3. exd5 exd5 4. Nc3 c6 5. Bd3 Bd6 6. Nge2 Ne7 7. Bg5 f6 8. Bh4 Bf5 9. Qd2 Bxd3 10. cxd3 O-O 11. O-O-O b5 12. g4 Ng6 13. Bg3 a5 14. h4 Re8 15. h5 Nf8 16. Rdg1 a4 17. g5 f5 18. g6 h6 19. Nf4 Qc7 20. Re1 Na6 21.
Kb1 a3 22. b3 Qa5 23. Rxe8 Rxe8 24. Re1 Rxe1+ 25. Qxe1 Bb4 26. Qe8 Nc7 27. Qf7+ Kh8 28. Bh4 Qa8 29. Bf6 Nfe6 30. Nxe6 Nxe6 31. Qxe6 Bf8 32. Qf7 Qb8 33. Be5 Qc8 34. Ne2 f4 35.
Nxf4 1-0

[Event "*** Titled Tuesday Blitz"]
[Site "Chess.com"]
[Date "2020.11.10"]
[Round "5"]
[White "karwowskikacper"]
[Black "Grineva_Marianna"]
[Result "1-0"]
[WhiteElo "2428"]
[BlackElo "2235"]
[TimeControl "180+1"]
[EndTime "10:58:54 PST"]
[Termination "karwowskikacper won on time"]

1. b3 d6 2. Bb2 f5 3. f4 Nf6 4.
Nf3 e6 5. g3 Be7 6. Bg2 O-O 7.
O-O Nc6 8. d3 Qe8 9. Nbd2 Qh5 10. e4 Ng4 11. Qe2 Bf6 12. Bxf6 Nxf6 13. Rae1 Bd7 14.
e5 Nd5 15. Qf2 Rae8 16. exd6 cxd6 17. Nc4 b5 18. Nxd6 Rb8 19. Ne5 Nxe5 20. fxe5 Bc6 21. c4 bxc4 22. dxc4 Nb4 23. Bxc6 Nxc6 24. Qf3 Qxf3 25.
Rxf3 Nd4 26. Rd3 Nc2 27. Re2 Nb4 28. Rdd2 f4 29. Rf2 g5 30. Ne4 fxg3 31. Nf6+ Kh8 32. hxg3 Rf7 33. Rd7 Rxd7 34. Nxd7 Rd8 35. Rf8+ Rxf8 36.
Nxf8 Nxa2 37. Nxe6 Nb4 38. Nxg5 Nd3 39. e6 Kg7 40. e7 Kf6 41. e8=Q Ne5 42. Qe6+ Kxg5 43.
Qxe5+ Kg4 44. Qf4+ Kh5 45. g4+ Kg6 46. Qf5+ Kg7 47.
g5 Kg8 48. Qf6 a5 49. c5 a4 50. bxa4 1-0

[Event "*** Titled Tuesday Blitz"]
[Site "Chess.com"]
[Date "2020.11.10"]
[Round "5"]
[White "UmarovSabir"]
[Black "annacramling"]
[Result "0-1"]
[WhiteElo "2295"]
[BlackElo "2035"]
[TimeControl "180+1"]
[EndTime "10:58:54 PST"]
[Termination "annacramling won on time"]

1. e4 c5 2. a3 Nc6 3. b4 cxb4 4. axb4 Nxb4 5. c3 Nc6 6. d4 d5 7. exd5 Qxd5 8. Na3 Nf6 9. Nb5 Qd8 10. Bf4 Nd5 11.
Bg3 e6 12. Bc4 Qb6 13. Qe2 Nxc3 14. Nxc3 Bb4 15. Qd3 Nxd4 16. Ne2 Nxe2 17. Kxe2 O-O 18. Rhb1 Qc5 19. Ne4 Qe7 20. Ra4 f5 21. Raxb4 fxe4 22. Qxe4 Kh8 23. Kf1 a5 24. Rb6 Bd7 25. Rxb7 Qf7 26.
Rd1 Rad8 27. Kg1 Qe8 28. Qc2 Bc6 29. Rb6 Ba8 0-1

[Event "*** Titled Tuesday Blitz"]
[Site "Chess.com"]
[Date "2020.11.10"]
[Round "5"]
[White "niki_2003"]
[Black "BJthechessgod"]
[Result "0-1"]
[WhiteElo "1967"]
[BlackElo "2306"]
[TimeControl "180+1"]
[EndTime "10:58:55 PST"]
[Termination "BJthechessgod won by resignation"]

1. d4 Nf6 2. c4 e6 3. Nf3 b6 4. g3 Bb7 5. Bg2 Be7 6. Nc3 O-O 7.
O-O d5 8. b3 c5 9. Bb2 dxc4 10.
bxc4 Nc6 11. d5 exd5 12. cxd5 Nb4 13. e4 Ba6 14. Re1 Nd3 15. Re2 Ng4 16. e5 Bg5 17. Nxg5 Qxg5 18. Ne4 Qf5 19. Rd2 Nxb2 20. Rxb2 Nxe5 21.
d6 Nd3 22. Rd2 Rad8 23. Rxd3 Bxd3 24. Qxd3 Rfe8 25. Rd1 h6 26. h4 Qe6 27. Kh2 Qxa2 28. d7 Re7 29. Qd5 Qxd5 30. Rxd5 Rexd7 31. Rxd7 Rxd7 32. Nc3 Rd3 33. Nb5 a6 34. Nc7 Ra3 35. Bf1 b5 36.
Bg2 c4 37. Bb7 c3 38. Nxa6 Rxa6 39. Bxa6 c2 0-1

[Event "*** Titled Tuesday Blitz"]
[Site "Chess.com"]
[Date "2020.11.10"]
[Round "5"]
[White "youngKID"]
[Black "SantoBlue"]
[Result "0-1"]
[WhiteElo "2833"]
[BlackElo "2925"]
[TimeControl "180+1"]
[EndTime "10:58:56 PST"]
[Termination "SantoBlue won by resignation"]

1. e4 c5 2. Nf3 Nc6 3. Bb5 g6 4. O-O Bg7 5. Re1 e5 6. Bxc6 dxc6 7. d3 Qe7 8. a3 Nf6 9. b4 O-O 10. bxc5 Qxc5 11. a4 Qe7 12. Ba3 c5 13. Nbd2 b6 14. a5 Ba6 15. axb6 axb6 16. Qb1 Rfb8 17. Nf1 Nh5 18. Ne3 Nf4 19. Bb2 f6 20. c4 b5 21. Nd5 Nxd5 22. cxd5 Bh6 23. Bc1 Bf8 24. Be3 c4 25. d4 b4 26. dxe5 fxe5 27. Bg5 Qd6 28. Rc1 c3 29. Qb3 Rc8 30. Ne1 Rab8 31. Be3 Bc4 32. Qc2 b3 33. Qxc3 b2 34. Rab1 bxc1=Q 35. Rxc1 Ba6 36. Qd2 Rxc1 37. Qxc1 Rc8 38.
Qa1 Qb4 39. Qxa6 Qxe1+ 0-1

[Event "*** Titled Tuesday Blitz"]
[Site "Chess.com"]
[Date "2020.11.10"]
[Round "5"]
[White "Orest_Vovk"]
[Black "DrVelja"]
[Result "0-1"]
[WhiteElo "2581"]
[BlackElo "2763"]
[TimeControl "180+1"]
[EndTime "10:58:56 PST"]
[Termination "DrVelja won on time"]

1. d4 Nf6 2. Bf4 g6 3. e3 Bg7 4.
Nf3 O-O 5. h3 d6 6. Be2 b6 7. c3 Bb7 8. Nbd2 Nbd7 9. O-O Re8 10. Bh2 e5 11. dxe5 dxe5 12. a4 a6 13. Nc4 Ne4 14.
Qc2 Qe7 15. Rfd1 Rad8 16. b4 Ng5 17. Nxg5 Qxg5 18. Bf1 Qe7 19. Rd2 f6 20. Rad1 Nf8 21. Rxd8 Rxd8 22. Rxd8 Qxd8 23. Qd2 Qxd2 24. Nxd2 Kf7 25.
f4 Nd7 26. fxe5 Nxe5 27. Nc4 Ke6 28. Nxe5 fxe5 29. Bc4+ Kd6 30. Kf2 a5 31. bxa5 bxa5 32. Bg8 h6 33. g4 Bd5 34. Bh7 Bf7 35. h4 Bf6 36. Bg3 Be8 37. Ke2 Ke7 38. Kd3 Kf7 39. h5 gxh5 40. gxh5 Bxa4 41. Bg6+ Ke6 42. Kc4 Bd1 43. e4 a4 44. Bf5+ Kf7 45. Bg6+ Kg7 46. Kb4 Be7+ 47. Kb5 Bd6 0-1

[Event "*** Titled Tuesday Blitz"]
[Site "Chess.com"]
[Date "2020.11.10"]
[Round "5"]
[White "ZenBull"]
[Black "MarceloPlaya"]
[Result "0-1"]
[WhiteElo "2117"]
[BlackElo "2289"]
[TimeControl "180+1"]
[EndTime "10:58:56 PST"]
[Termination "MarceloPlaya won on time"]

1. Nf3 e6 2. c4 Nf6 3. g3 d5 4. d4 Bb4+ 5. Bd2 Bxd2+ 6. Qxd2 O-O 7. Bg2 Qe7 8. O-O Rd8 9. cxd5 exd5 10. Nc3 Ne4 11. Qe3 Nc6 12. Rac1 Bf5 13. Nh4 Bg6 14.
Nxg6 hxg6 15. Nxe4 dxe4 16. Rfd1 Re8 17. Rc3 Rad8 18.
d5 Nb4 19. Qxa7 Nxd5 20. Rcc1 c6 21. a3 f5 22. Qc5 Kh7 23. Qxe7 Rxe7 24. f3 Rde8 25.
fxe4 fxe4 26. Rd4 Kh6 27. Rcc4 Nf6 28. a4 e3 29. b4 g5 30. b5 cxb5 31. axb5 b6 32.
Bc6 Rf8 33. Rd6 Kh7 34. h4 g4 35. Bg2 Nd7 36. Rxg4 Nc5 37. Rxb6 Rf2 38. Bf3 Nd3 39. Rf4 Ne1 0-1

[Event "*** Titled Tuesday Blitz"]
[Site "Chess.com"]
[Date "2020.11.10"]
[Round "5"]
[White "Chigorinetz"]
[Black "Evgeny81"]
[Result "1-0"]
[WhiteElo "2554"]
[BlackElo "2709"]
[TimeControl "180+1"]
[EndTime "10:58:57 PST"]
[Termination "Chigorinetz won by resignation"]

1. e4 e6 2. d4 d5 3. e5 c5 4. Qg4 cxd4 5. Nf3 Nc6 6. Bd3 Nge7 7. Qg3 Qb6 8. a3 Nf5 9. Qf4 h5 10. Nbd2 Be7 11. h4 a5 12. O-O Bd7 13. Re1 g6 14.
b3 O-O-O 15. Bb2 Rhg8 16. Ng5 Rdf8 17. Ndf3 Qc7 18. g3 Bc5 19. Nh7 Rd8 20. Nf6 Rg7 21. Kg2 Kb8 22. Bc1 Bc8 23. Bd2 Be7 24. Qg5 Rh8 25. Bxf5 exf5 26. b4 a4 27. e6 Bxe6 28. b5 Nd8 29. Nxd4 Ka8 30. Bb4 f4 31. Bxe7 Qxe7 32.
Qxf4 Qc5 33. Nf3 Qxb5 34. Rab1 Qc6 35. Nd4 Qa6 36. Nb5 Qc6 37. Rb4 d4+ 38. Kh2 b6 39. Rxa4+ Kb7 40. Ra7+ Kc8 41. Rc7+ 1-0

[Event "*** Titled Tuesday Blitz"]
[Site "Chess.com"]
[Date "2020.11.10"]
[Round "5"]
[White "Sergey85Rodchenkov"]
[Black "ShimanovAlex"]
[Result "1-0"]
[WhiteElo "2474"]
[BlackElo "2798"]
[TimeControl "180+1"]
[EndTime "10:58:59 PST"]
[Termination "Sergey85Rodchenkov won by checkmate"]

1. e4 e6 2. d4 d5 3. Nd2 Nc6 4. c3 e5 5. dxe5 Nxe5 6. Ngf3 Nxf3+ 7. Qxf3 Nf6 8. Bd3 Be6 9. O-O Be7 10. Re1 c6 11. e5 Nd7 12. Nf1 Nc5 13. Bc2 Qd7 14. b4 Na6 15. Qg3 g6 16. Bh6 O-O-O 17. a4 Kb8 18. Rab1 d4 19. Bd3 Nc7 20. c4 Bf5 21. b5 Bxd3 22. Qxd3 Ne6 23. Nd2 Nc5 24. Qg3 Ka8 25. a5 cxb5 26. cxb5 Qd5 27. h3 Rc8 28.
Rec1 Ne6 29. Rxc8+ Rxc8 30. a6 b6 31. Nf3 Rc3 32.
Bd2 Rc2 33. Rd1 Qe4 34. Ng5 Bxg5 35. Bxg5 Qe2 36. Rf1 d3 37. Be3 h5 38. Qh4 Kb8 39. Qe7 Rc7 40. Qe8+ Rc8 41. Qd7 Rc7 42. Qe8+ Rc8 43.
Qd7 Nc7 44. Qc6 Nxa6 45. Qd6+ Nc7 46. Bxb6 d2 47. Bxa7+ Kxa7 48. Ra1+ Kb7 49. Qc6+ Kb8 50.
Qb6# 1-0

[Event "*** Titled Tuesday Blitz"]
[Site "Chess.com"]
[Date "2020.11.10"]
[Round "5"]
[White "davidkalashian"]
[Black "yourstrulyme"]
[Result "1-0"]
[WhiteElo "2602"]
[BlackElo "2405"]
[TimeControl "180+1"]
[EndTime "10:58:59 PST"]
[Termination "davidkalashian won on time"]

1. d4 Nf6 2. c4 e6 3. Nf3 d5 4.
Nc3 Be7 5. Bf4 O-O 6. e3 Nbd7 7.
c5 Ne4 8. Bd3 Nxc3 9. bxc3 b6 10. cxb6 axb6 11. c4 dxc4 12. Bxc4 Ba6 13. Qb3 Bb7 14.
O-O Bxf3 15. gxf3 Nf6 16. Rfd1 Nd5 17. Bg3 Ra3 18. Qb2 h5 19. h3 Ra7 20. e4 Nf6 21. a4 Qa8 22. Qc2 Rd8 23. Bf1 Ne8 24. Bg2 Bd6 25. f4 Qc8 26. d5 exd5 27. Rxd5 Nf6 28.
Rg5 Bc5 29. e5 Nh7 30. Rxh5 g6 31. Rh4 Be7 32. Rg4 Kh8 33. Rd1 Qe6 34. Rxd8+ Bxd8 35. Qd3 Be7 36. Bd5 Qd7 37. e6 fxe6 38. Qxg6 1-0

[Event "*** Titled Tuesday Blitz"]
[Site "Chess.com"]
[Date "2020.11.10"]
[Round "5"]
[White "PriSachu"]
[Black "Manukyan_Artak"]
[Result "1-0"]
[WhiteElo "2520"]
[BlackElo "2342"]
[TimeControl "180+1"]
[EndTime "10:58:59 PST"]
[Termination "PriSachu won on time"]

1. e4 c6 2. d4 d5 3. Nd2 dxe4 4. Nxe4 Nf6 5. Nxf6+ exf6 6. Bd3 Bd6 7. Ne2 Qc7 8. c4 O-O 9. Qc2 h5 10. Bd2 c5 11. d5 Nd7 12. f4 Re8 13. O-O Nf8 14.
h3 g6 15. Rae1 f5 16. Kh1 Bd7 17. Ng1 Rxe1 18. Rxe1 Bxf4 19. Nf3 Re8 20. Rxe8 Bxe8 21. Bc3 Qe7 22. Bxf5 gxf5 23. Qxf5 Ng6 24. Qxh5 Qe3 25. Qf5 Qc1+ 26. Be1 Bg3 27. Qe4 Bd7 28. Kg1 Bxe1 29. Nxe1 Qxb2 30. Nf3 Qf6 31. Qe3 b6 32. Ng5 Kg7 33.
Nf3 Bf5 34. Qd2 Be4 35. Ng5 Bb1 36. Nf3 Qf4 37. Qb2+ Qf6 38. Qxb1 Nf4 39. Qe4 1-0

[Event "*** Titled Tuesday Blitz"]
[Site "Chess.com"]
[Date "2020.11.10"]
[Round "5"]
[White "Onischuk_V"]
[Black "Chernobay_Artem"]
[Result "0-1"]
[WhiteElo "2855"]
[BlackElo "2641"]
[TimeControl "180+1"]
[EndTime "10:59:01 PST"]
[Termination "Chernobay_Artem won on time"]

1. e4 c5 2. Nf3 d6 3. d4 cxd4 4. Nxd4 Nf6 5. Nc3 Nc6 6. g3 Bd7 7. Bg2 g6 8. O-O Bg7 9. Nb3 O-O 10. h3 a6 11. a4 Rc8 12. Re1 Ne5 13. Nd5 Be6 14. Nd4 Bd7 15. c3 e6 16. Nxf6+ Bxf6 17. Bh6 Bg7 18. Bxg7 Kxg7 19. Nc2 Qb6 20. Ne3 Rfd8 21.
Re2 Bc6 22. a5 Qc5 23. Rd2 h5 24. Rd4 h4 25. g4 g5 26. Qd2 Ng6 27. Nc4 e5 28. b4 Qa7 29. Rxd6 Qb8 30. Rd1 Rxd6 31. Nxd6 Nf4 32. Nxc8 Qxc8 33. Qd6 f6 34. Qe7+ Kg6 35. Rd8 Qe6 0-1

[Event "*** Titled Tuesday Blitz"]
[Site "Chess.com"]
[Date "2020.11.10"]
[Round "5"]
[White "frederiksvane"]
[Black "lefonghua"]
[Result "1-0"]
[WhiteElo "2705"]
[BlackElo "2486"]
[TimeControl "180+1"]
[EndTime "10:59:01 PST"]
[Termination "frederiksvane won by resignation"]

1. e4 c5 2. Nf3 g6 3. d4 cxd4 4. Nxd4 Bg7 5. c4 Nc6 6. Be3 Nf6 7. Nc3 d6 8. Be2 O-O 9. f3 Bd7 10. Qd2 Nxd4 11. Bxd4 a5 12. O-O-O a4 13. a3 Bc6 14. Kb1 Qa5 15. Nd5 Bxd5 16. cxd5 Qxd2 17. Rxd2 Nd7 18.
Be3 Rfc8 19. Rc1 Nc5 20. Rdc2 b6 21. Bb5 Ra7 22. Rc4 e6 23. dxe6 fxe6 24. Bxa4 Rb8 25.
Bb5 Kf7 26. a4 Rbb7 27. Ka2 Ke7 28. Ka3 Nd3 29. R1c2 Nc5 30. b4 Nd7 31. Bc6 Rb8 32.
Bb5 d5 33. exd5 exd5 34. Rc7 Rbb7 35. Bxb6 Rxc7 36. Rxc7 Rxc7 37. Bxc7 d4 38. Bxd7 Kxd7 39. Bf4 Kc6 40. Kb3 d3 41. Kc4 Bf8 42. Bd2 Bd6 43.
h3 Bg3 44. Kxd3 Kb7 45. Kc4 h5 46. Kd5 Bh2 47. Ke6 Bf4 48. Bxf4 1-0

[Event "*** Titled Tuesday Blitz"]
[Site "Chess.com"]
[Date "2020.11.10"]
[Round "5"]
[White "Jenia84"]
[Black "m_ezat"]
[Result "1/2-1/2"]
[WhiteElo "2320"]
[BlackElo "2477"]
[TimeControl "180+1"]
[EndTime "10:59:02 PST"]
[Termination "Game drawn by repetition"]

1. Nf3 Nf6 2. b4 g6 3. Bb2 Bg7 4. a3 O-O 5. c4 d6 6. Nc3 e5 7. e4 Bg4 8. Be2 Nc6 9. d3 a5 10.
b5 Bxf3 11. Bxf3 Nd4 12. O-O Nd7 13. Nd5 Nc5 14. Bxd4 exd4 15. Rb1 c6 16. Nf4 Qh4 17. g3 Qh6 18. Bg2 a4 19. bxc6 bxc6 20. Rb6 Rac8 21.
Ne2 Qg5 22. f4 Qd8 23. Rb4 Qa5 24. f5 Be5 25. fxg6 hxg6 26. Nf4 Rb8 27. Rxb8 Rxb8 28. Qg4 Qc7 29. h4 Qd7 30. Qg5 Qd8 31. Qg4 Rb3 32.
Nxg6 Bg7 33. Nf4 Qf6 34. Nh5 Qg6 35. Qc8+ Kh7 36. Nxg7 Kxg7 37. Rf4 Nxd3 38. Rg4 Rb1+ 39. Kh2 Ne5 40. Rxg6+ fxg6 41. Qc7+ Kh6 42. Qxd6 Ng4+ 43. Kh3 Nf2+ 44. Kh2 Ng4+ 45. Kh3 Nf2+ 46. Kh2 Ng4+ 1/2-1/2

[Event "*** Titled Tuesday Blitz"]
[Site "Chess.com"]
[Date "2020.11.10"]
[Round "5"]
[White "Obito24"]
[Black "Nikolakis2014"]
[Result "0-1"]
[WhiteElo "2583"]
[BlackElo "2765"]
[TimeControl "180+1"]
[EndTime "10:59:03 PST"]
[Termination "Nikolakis2014 won by resignation"]

1. e4 c6 2. d4 d5 3. Nc3 dxe4 4. Nxe4 Nf6 5. Nxf6+ exf6 6. Be3 Bd6 7. Bd3 O-O 8. Qd2 Re8 9. O-O-O Be6 10. Kb1 b5 11. Ne2 Na6 12. c3 Nc7 13. Ng3 Nd5 14. Rhe1 Rb8 15.
Ne4 Be7 16. f4 f5 17. Nc5 b4 18. c4 Nc3+ 19. Ka1 Qa5 20. b3 Bf6 21. Na4 Nxa4 22.
bxa4 Qxa4 23. Qb2 b3 24. Rc1 Rb4 25. a3 Rbb8 26. Red1 h6 27. Bf2 c5 28. Kb1 Red8 29. Bf1 cxd4 30. Bd3 Be7 31. c5 Rbc8 32. Re1 Rxc5 33.
Rxc5 Bxc5 34. Re2 Bxa3 35. g4 0-1

[Event "*** Titled Tuesday Blitz"]
[Site "Chess.com"]
[Date "2020.11.10"]
[Round "5"]
[White "DenisQ"]
[Black "smshk35"]
[Result "1-0"]
[WhiteElo "2634"]
[BlackElo "2426"]
[TimeControl "180+1"]
[EndTime "10:59:03 PST"]
[Termination "DenisQ won by checkmate"]

1. Nf3 Nf6 2. c4 g6 3. b4 a5 4. b5 Bg7 5. Bb2 O-O 6. g3 d5 7.
cxd5 Nxd5 8. Bxg7 Kxg7 9. Bg2 Bd7 10. Qb3 c6 11. bxc6 Bxc6 12. Ne5 Nb4 13. Nxc6 N8xc6 14. O-O Nd4 15. Qb2 Nc2 16. e3 Nxa1 17. exd4 Rc8 18. Na3 b6 19. Rxa1 Kg8 20. Rb1 Rb8 21. Nb5 Qd7 22.
d5 e6 23. dxe6 Qxe6 24. d4 Qf6 25. d5 Qxb2 26. Rxb2 Rfd8 27. d6 Rbc8 28. Bf3 a4 29.
Rd2 Rc5 30. Na7 Rc3 31. Kg2 Kg7 32. Nc6 Rd7 33. Ne5 Rd8 34. d7 Rc7 35. Rd6 f6 36.
Ng4 Rdxd7 37. Rxb6 Rd2 38. Nxf6 Rxa2 39. Ne4 a3 40.
Ra6 Rd7 41. h4 Rd3 42. Ra7+ Kf8 43. Nf6 Rb2 44. Bd5 Rb8 45. Rf7# 1-0

[Event "*** Titled Tuesday Blitz"]
[Site "Chess.com"]
[Date "2020.11.10"]
[Round "5"]
[White "cottage_cheese"]
[Black "SergeyShtyka"]
[Result "1/2-1/2"]
[WhiteElo "2174"]
[BlackElo "2363"]
[TimeControl "180+1"]
[EndTime "10:59:04 PST"]
[Termination "Game drawn by agreement"]

1. e4 c5 2. Nf3 Nc6 3. Bb5 Qb6 4. Nc3 e6 5. Bxc6 Qxc6 6. d4 Nf6 7. d5 Qa6 8. e5 Nxd5 9. Nxd5 exd5 10. Qxd5 Qe6 11. c4 Be7 12. O-O O-O 13. Bg5 Bxg5 14. Nxg5 Qxd5 15. cxd5 Re8 16. Rfe1 b6 17. f4 Bb7 18. Rad1 f5 19. Nf3 Kf7 20. Rd3 h6 21. e6+ dxe6 22.
dxe6+ Kf6 23. Rd7 Bxf3 24. Rf7+ Kg6 25. gxf3 Rxe6 26. Rxg7+ Kxg7 27. Rxe6 Rd8 28. Re7+ Kg6 29. Rxa7 Rd2 30. b3 Kh5 31. Ra6 Rb2 32. Rxb6 Rxa2 33. Rb5 Rb2 34. Rxc5 Rxb3 35. Rxf5+ Kh4 36. Rf8 Rxf3 37. f5 Kg5 38. f6 Rxf6 39. Rxf6 Kxf6 40. Kg2 Kg5 41. Kg3 h5 42. Kh3 h4 43. Kg2 Kg4 44.
h3+ Kf4 45. Kf2 Ke4 1/2-1/2

[Event "*** Titled Tuesday Blitz"]
[Site "Chess.com"]
[Date "2020.11.10"]
[Round "5"]
[White "Flawless_Fighter"]
[Black "Malysch"]
[Result "1/2-1/2"]
[WhiteElo "2601"]
[BlackElo "2417"]
[TimeControl "180+1"]
[EndTime "10:59:05 PST"]
[Termination "Game drawn by repetition"]

1. e4 c5 2. Nf3 d6 3. d4 cxd4 4. Nxd4 Nf6 5. Nc3 Nc6 6. Bg5 e6 7. Qd2 Be7 8. O-O-O Nxd4 9. Qxd4 O-O 10. f4 Qa5 11. Kb1 Rd8 12. Be2 h6 13. Bh4 e5 14. Qd3 exf4 15. Rhf1 Be6 16. Be1 Qe5 17.
Bd2 Rac8 18. Bxf4 Qa5 19. a3 Rxc3 20. Qxc3 Qxc3 21. bxc3 Nxe4 22. Kb2 Bf6 23. Rd4 Nxc3 24. Kxc3 Rc8+ 25. Kd3 Bf5+ 26. Ke3 Re8+ 27. Kd2 Bxd4 28.
Bxd6 Be4 29. Bc4 Bg6 30. Bf4 Rd8 31. Bd3 Bc5 32. Rb1 b6 33. a4 Rd4 34. Be3 Rxa4 35.
Bxc5 bxc5 36. Bxg6 fxg6 37. Rb8+ Kh7 38. Rc8 Rf4 39. Ke3 Rc4 40. Kd3 Rf4 41. Ke3 Rc4 42. Kd3 Rf4 43. Ke3 1/2-1/2

[Event "*** Titled Tuesday Blitz"]
[Site "Chess.com"]
[Date "2020.11.10"]
[Round "5"]
[White "smartinusa"]
[Black "Msb2"]
[Result "0-1"]
[WhiteElo "2631"]
[BlackElo "2897"]
[TimeControl "180+1"]
[EndTime "10:59:06 PST"]
[Termination "Msb2 won by resignation"]

1. d4 Nf6 2. c4 e6 3. Nf3 d5 4.
Nc3 Bb4 5. Qa4+ Nc6 6. e3 O-O 7. Qc2 b6 8. Be2 dxc4 9. Bxc4 Bb7 10. O-O Ne7 11. a3 Bxc3 12. bxc3 c5 13. Bd3 Rc8 14. Qe2 Qd5 15. c4 Qh5 16. Bb2 cxd4 17. Nxd4 Qxe2 18. Bxe2 Rfd8 19. Rfd1 Ne4 20. Nb5 a6 21. Nc3 Nc5 22. Rxd8+ Rxd8 23. Rd1 Rxd1+ 24. Bxd1 f6 25. Na4 Nxa4 26. Bxa4 e5 27. f4 exf4 28. exf4 Nf5 29. Kf2 Kf8 30. Bc2 Nd6 31. Bxh7 Nxc4 32.
Bc1 b5 33. Bd3 Nd6 34. g4 Ke7 35. h4 Be4 36. Be2 Bd5 37. h5 a5 38. g5 b4 39. axb4 axb4 40. h6 gxh6 41. gxh6 Kf7 42. Bh5+ Kg8 43. Bb2 Kh7 44. Bf3 Bxf3 45. Kxf3 f5 46.
Be5 Nc4 47. Bg7 b3 48. Ke2 b2 49. Bxb2 Nxb2 50. Ke3 Kxh6 51. Kd4 Kh5 52. Ke5 Kg4 0-1

[Event "*** Titled Tuesday Blitz"]
[Site "Chess.com"]
[Date "2020.11.10"]
[Round "5"]
[White "Sueetin"]
[Black "Alomaterapia"]
[Result "1-0"]
[WhiteElo "2301"]
[BlackElo "2476"]
[TimeControl "180+1"]
[EndTime "10:59:06 PST"]
[Termination "Sueetin won by resignation"]

1. c4 e5 2. g3 Nc6 3. Bg2 Bc5 4. Nc3 d6 5. Nf3 Nf6 6. O-O a6 7. d3 h6 8. a3 O-O 9. b4 Ba7 10. Bb2 Bf5 11. e3 Qd7 12. d4 exd4 13. exd4 Bh3 14. Re1 Bxg2 15. Kxg2 Rfe8 16. Qd2 Ne7 17. Ne4 Nxe4 18. Rxe4 d5 19. cxd5 Nxd5 20. Ne5 Qf5 21.
Re2 f6 22. Nd3 Rxe2 23. Qxe2 Rd8 24. Nc5 Qc8 25. Re1 Kh8 26. Qh5 c6 27. Bc1 Kh7 28.
h4 b6 29. Ne6 Rd7 30. Qf5+ Kg8 31. Qg6 Re7 32. Bxh6 Qd7 33. Nxg7 Rxe1 34. Ne6+ Kh8 35. Bg7+ Kg8 36. Bh6+ Kh8 37. Bg7+ Kg8 38. Bxf6+ 1-0